[Event "*** MasterClass Titled Tuesday Blitz"]
[Site "Chess.com"]
[Date "2017.10.03"]
[Round "5"]
[White "kleinebeer98"]
[Black "eldur16"]
[Result "1-0"]
[WhiteElo "2503"]
[BlackElo "2469"]
[TimeControl "180+2"]
[EndTime "14:05:14 PDT"]
[Termination "kleinebeer98 won by resignation"]

1. e4 g6 2. d4 Bg7 3. Nc3 d6 4. h4 Nf6 5. h5 Nxh5 6. g4 Nf6 7. g5 Nfd7 8. f4 c5 9. d5 a6 10. a4 b5 11. axb5 Nb6 12. Nf3 Bb7 13. Be3 h6 14. gxh6 Rxh6 15. Rxh6 Bxh6 16. Qd2 Bg7 17.
e5 dxe5 18. Bxc5 e4 19. Ne5 N8d7 20. Bd4 Nxe5 21. Bxe5 Bxe5 22. fxe5 Nxd5 23. bxa6 Nxc3 24. Qxc3 Qb6 25. e6 Qxe6 26. Bb5+ Kd8 27. Qa5+ 1-0

[Event "*** MasterClass Titled Tuesday Blitz"]
[Site "Chess.com"]
[Date "2017.10.03"]
[Round "5"]
[White "Jungle_Jaguar"]
[Black "WanderingPuppet"]
[Result "1-0"]
[WhiteElo "2396"]
[BlackElo "2321"]
[TimeControl "180+2"]
[EndTime "14:05:16 PDT"]
[Termination "Jungle_Jaguar won on time"]

1. e4 c5 2. Nf3 d6 3. d4 cxd4 4.
Nxd4 Nf6 5. Nc3 a6 6. h3 g6 7. g4 Bg7 8. Be3 O-O 9. Qd2 Nc6 10. O-O-O Nxd4 11. Bxd4 b5 12. Be2 Be6 13. g5 Ne8 14. h4 b4 15. Nd5 Bxd5 16. exd5 Qa5 17. Bc4 Rc8 18. Bb3 Bxd4 19. Qxd4 Qc5 20. Qe4 Ng7 21.
Qxe7 Rfe8 22. Qf6 Re2 23. Rd2 Rxd2 24. Kxd2 Nf5 25. Kc1 Qxf2 26. h5 Re8 27. Rd1 Qe2 28. hxg6 hxg6 29. a4 Ne3 30. Rh1 1-0

[Event "*** MasterClass Titled Tuesday Blitz"]
[Site "Chess.com"]
[Date "2017.10.03"]
[Round "5"]
[White "Angry_Serb"]
[Black "DrVelja"]
[Result "1-0"]
[WhiteElo "2397"]
[BlackElo "2497"]
[TimeControl "180+2"]
[EndTime "14:05:24 PDT"]
[Termination "Angry_Serb won by resignation"]

1. e4 c5 2. Nc3 Nc6 3. Bb5 Nd4 4. Nf3 Nxb5 5. Nxb5 d6 6. d4 Nf6 7. O-O a6 8. Nc3 cxd4 9. Qxd4 e5 10. Qd3 h6 11. Nd2 Be7 12. Nc4 b5 13. Ne3 Be6 14.
a4 b4 15. Ncd5 Nxd5 16. Nxd5 Bxd5 17. Qxd5 O-O 18. Bd2 Rc8 19. Bxb4 Rxc2 20. Bc3 Qb6 21.
Qd3 Rxc3 22. bxc3 Rc8 23. Rfb1 Qc6 24. Rb3 Bd8 25. a5 Bg5 26. g3 Kh7 27. h4 Be7 28. Rb6 Qc5 29. Rxa6 Rb8 30. Rb1 Rxb1+ 31. Qxb1 Qxc3 32.
Ra7 Bd8 33. a6 f6 34. Rb7 1-0

[Event "*** MasterClass Titled Tuesday Blitz"]
[Site "Chess.com"]
[Date "2017.10.03"]
[Round "5"]
[White "lukas_111111"]
[Black "Tesla37"]
[Result "0-1"]
[WhiteElo "2363"]
[BlackElo "2688"]
[TimeControl "180+2"]
[EndTime "14:05:38 PDT"]
[Termination "Tesla37 won by resignation"]

1. e4 c5 2. Nf3 e6 3. d4 cxd4 4. Nxd4 Nc6 5. Nc3 a6 6. Be3 Nf6 7. Qf3 d6 8. O-O-O Bd7 9. Be2 Rc8 10. Kb1 Ne5 11. Qg3 Rxc3 12. bxc3 Nxe4 13. Qf4 Nxc3+ 14.
Ka1 Qa5 15. Kb2 Nxe2 16. Nxe2 Qb5+ 17. Ka1 Qxe2 18. Rhe1 Qb5 19. Bd4 Ng6 20. Qg3 e5 21. f4 f6 22. fxe5 fxe5 23. h4 Be6 24. Bb2 Qc4 25. Kb1 Qxh4 26. Qf3 Be7 27. Rh1 Qc4 28.
Qxb7 Qxa2+ 29. Kc1 Bg5+ 30. Rd2 O-O 0-1

[Event "*** MasterClass Titled Tuesday Blitz"]
[Site "Chess.com"]
[Date "2017.10.03"]
[Round "5"]
[White "PowerThinking2650"]
[Black "r31415"]
[Result "1-0"]
[WhiteElo "2135"]
[BlackElo "2154"]
[TimeControl "180+2"]
[EndTime "14:05:39 PDT"]
[Termination "PowerThinking2650 won on time"]

1. e4 d6 2. d4 Nf6 3. f3 c5 4. d5 e6 5. c4 exd5 6. cxd5 g6 7. Ne2 Bg7 8. Nec3 Nh5 9. Be3 O-O 10. Qd2 f5 11. exf5 gxf5 12. Bg5 Qe8+ 13. Be2 Bd4 14.
Nb5 f4 15. Nxd4 cxd4 16. Qxd4 Qg6 17. Bh4 Re8 18. Nc3 Qc2 19. O-O Bf5 20. Rac1 Qxb2 21.
Bd3 Bxd3 22. Qxd3 Nd7 23. Qf5 Qb6+ 24. Bf2 Ng7 25. Qxd7 Qa6 26. Ne4 Rad8 27. Nf6+ Kh8 28. Qh3 1-0

[Event "*** MasterClass Titled Tuesday Blitz"]
[Site "Chess.com"]
[Date "2017.10.03"]
[Round "5"]
[White "ka1ser64"]
[Black "calemcc"]
[Result "1-0"]
[WhiteElo "2323"]
[BlackElo "2178"]
[TimeControl "180+2"]
[EndTime "14:05:40 PDT"]
[Termination "ka1ser64 won by resignation"]

1. d4 d5 2. c4 e6 3. Nf3 c6 4. Nc3 dxc4 5. a4 Bb4 6. e3 b5 7. Bd2 a5 8. axb5 Bxc3 9. Bxc3 cxb5 10. b3 Bb7 11. bxc4 b4 12. Bb2 Nf6 13. Bd3 Nbd7 14. O-O O-O 15. Nd2 Qc7 16. Bc2 e5 17. f4 exd4 18. exd4 Rfe8 19. d5 Nc5 20. Be5 Qb6 21. Bd4 Qd6 22. Nb3 Nxb3 23. Bxb3 Qd7 24. Ba4 Qf5 25.
Bxf6 Qxf6 26. Bxe8 Rxe8 27. c5 Rd8 28. d6 Qc3 29.
Qc1 Qd4+ 30. Kh1 Qd5 31. Rg1 Ra8 32. Qe3 h6 33. Rad1 Qc6 34. d7 Rd8 35. Qe7 Qc7 36. Rge1 Bc6 37. Qxd8+ Qxd8 38. Re8+ Qxe8 39. dxe8=Q+ Bxe8 40. Rd8 Kf8 41. c6 b3 42. c7 b2 43. Rxe8+ Kxe8 44.
c8=Q+ Ke7 45. Qb7+ 1-0

[Event "*** MasterClass Titled Tuesday Blitz"]
[Site "Chess.com"]
[Date "2017.10.03"]
[Round "5"]
[White "krzyzan94"]
[Black "gmcorrales"]
[Result "1-0"]
[WhiteElo "2608"]
[BlackElo "2647"]
[TimeControl "180+2"]
[EndTime "14:05:43 PDT"]
[Termination "krzyzan94 won by resignation"]

1. e4 d5 2. exd5 Qxd5 3. Nc3 Qd6 4. d4 Nf6 5. Nf3 a6 6. g3 Bg4 7. Bg2 Nc6 8. Bf4 Qe6+ 9. Ne2 O-O-O 10. O-O h6 11.
Re1 g5 12. Nc3 Qf5 13. Be5 Bg7 14. Qe2 Nxe5 15. dxe5 Nd5 16. Nxd5 Rxd5 17. h3 Bxh3 18. Nh4 Qd7 19. Bxd5 Qxd5 20. Nf3 Bg4 21. Kg2 h5 22. Qe4 Qe6 23. Nxg5 Qb6 24. f3 Be6 25. Nxe6 Qxe6 26. Rad1 Rg8 27. Qh7 f5 28. exf6 Qf7 29. fxg7 Kb8 30.
Rxe7 Qc4 31. Qe4 Qb5 32. Re1 Rd8 33. Re8 1-0

[Event "*** MasterClass Titled Tuesday Blitz"]
[Site "Chess.com"]
[Date "2017.10.03"]
[Round "5"]
[White "Fandorine"]
[Black "nubair1198"]
[Result "1-0"]
[WhiteElo "2637"]
[BlackElo "2438"]
[TimeControl "180+2"]
[EndTime "14:05:48 PDT"]
[Termination "Fandorine won by resignation"]

1. e4 Nf6 2. e5 Nd5 3. c4 Nb6 4.
d4 d6 5. f4 Bf5 6. Nc3 dxe5 7.
fxe5 e6 8. Be3 Nc6 9. Nf3 Be7 10.
d5 exd5 11. cxd5 Nb4 12. Nd4 Bd7 13. e6 fxe6 14. dxe6 Bc6 15. a3 N4d5 16. Nxc6 bxc6 17. Bd4 O-O 18. Qg4 Bh4+ 19. g3 Bf6 20. O-O-O Bxd4 21. Rxd4 Qf6 22. Nxd5 cxd5 23. Rf4 Qe5 24. Bd3 Nc4 25. Bxc4 dxc4 26. Rxf8+ Rxf8 27. Qxc4 Rf2 28. e7+ Kh8 29. Qb4 c5 30. Re1 Qg5+ 31. Kb1 Qg6+ 32.
Qe4 Qe8 33. Qc6 Qxc6 34. e8=Q+ 1-0

[Event "*** MasterClass Titled Tuesday Blitz"]
[Site "Chess.com"]
[Date "2017.10.03"]
[Round "5"]
[White "MatthewG-p4p"]
[Black "iusegine"]
[Result "1-0"]
[WhiteElo "2583"]
[BlackElo "2294"]
[TimeControl "180+2"]
[EndTime "14:05:52 PDT"]
[Termination "MatthewG-p4p won by resignation"]

1. c4 c5 2. Nf3 Nf6 3. g3 Nc6 4.
Bg2 d5 5. cxd5 Nxd5 6. O-O e5 7. d3 Be7 8. Nbd2 O-O 9. a3 Be6 10. e3 Qd7 11. Qe2 Rfd8 12. Ne4 h6 13. Rd1 Rac8 14.
Bd2 b6 15. Bc3 Qc7 16. Ned2 b5 17. Rac1 Qb8 18. b3 Nxc3 19. Rxc3 f5 20. Rdc1 Qb6 21. d4 cxd4 22. exd4 e4 23. Nxe4 fxe4 24. Qxe4 Bd5 25.
Qg4 Bf6 26. Ne5 Bxg2 27. Qe6+ Kh8 28. Nf7+ Kh7 29. Kxg2 Qb7 30. Qe4+ Kg8 31. Nxd8 1-0

[Event "*** MasterClass Titled Tuesday Blitz"]
[Site "Chess.com"]
[Date "2017.10.03"]
[Round "5"]
[White "Quiet_Desperation"]
[Black "TamNguyen2"]
[Result "1-0"]
[WhiteElo "2311"]
[BlackElo "2219"]
[TimeControl "180+2"]
[EndTime "14:05:57 PDT"]
[Termination "Quiet_Desperation won by resignation"]

1. e4 a6 2. d4 b5 3. Bd3 e6 4. Nf3 c5 5. c3 Nc6 6. O-O cxd4 7. cxd4 Bb7 8. a3 Nf6 9. Nc3 Be7 10. Bc2 d6 11. Qe2 O-O 12. Rd1 b4 13. Na4 Qa5 14. e5 dxe5 15. dxe5 Nd5 16. Qe4 g6 17. Bh6 Rfd8 18.
Ng5 bxa3 19. bxa3 Nc3 20. Nxc3 Qxc3 21. Ba4 Qxe5 22. Bxc6 Qxe4 23. Bxe4 Bxg5 24. Rxd8+ Bxd8 25. Bxb7 Ra7 26. Bf3 g5 27. h4 f6 28. Bh5 Rd7 29. Re1 Rd6 30. Rb1 gxh4 31. Rb7 Ba5 32. Bf7+ Kh8 33.
Rb8+ Rd8 34. Rxd8+ Bxd8 35. Bxe6 a5 36. a4 f5 37.
Bxf5 Be7 38. Kf1 1-0

[Event "*** MasterClass Titled Tuesday Blitz"]
[Site "Chess.com"]
[Date "2017.10.03"]
[Round "5"]
[White "2L8IWUN"]
[Black "pastouche06"]
[Result "1/2-1/2"]
[WhiteElo "1805"]
[BlackElo "2275"]
[TimeControl "180+2"]
[EndTime "14:05:59 PDT"]
[Termination "Game drawn by agreement"]

1. d4 Nf6 2. Bf4 g6 3. Nc3 d5 4.
e3 Bg7 5. h4 a6 6. Be2 c5 7. h5 Qa5 8. h6 Bf8 9. dxc5 Qxc5 10.
Be5 Nbd7 11. Bd4 Qa5 12. a3 e5 13. b4 Qc7 14. g4 exd4 15. Qxd4 Qe5 16. Qxe5+ Nxe5 17. g5 Ne4 18. Nxd5 Bd6 19. Rd1 Be6 20. Rh4 Nxg5 21. f4 O-O-O 22. fxg5 Bxd5 23. Rhd4 Be7 24. Rxd5 Rxd5 25. Rxd5 f6 26. gxf6 Bxf6 27. Nf3 Re8 28. Nxe5 Rxe5 29. Bg4+ Kc7 30. Rxe5 Bxe5 31. Be6 Bf6 32. Bg8 Bg5 33. Bxh7 Bxe3 34. Bxg6 Bxh6 35. Ke2 b5 36. Bd3 Bc1 37. c4 Bxa3 38. cxb5 axb5 39. Bxb5 Bxb4 1/2-1/2

[Event "*** MasterClass Titled Tuesday Blitz"]
[Site "Chess.com"]
[Date "2017.10.03"]
[Round "5"]
[White "Blitzstream"]
[Black "BogdanDeac"]
[Result "0-1"]
[WhiteElo "2498"]
[BlackElo "2637"]
[TimeControl "180+2"]
[EndTime "14:06:12 PDT"]
[Termination "BogdanDeac won by resignation"]

1. g4 d5 2. Bg2 c6 3. g5 e5 4. h4 h6 5. g6 fxg6 6. d4 e4 7. c4 Nf6 8. Nc3 Be6 9. Nh3 Bf7 10. Nf4 Bd6 11. Qb3 Qb6 12. c5 Qxb3 13. axb3 Bc7 14. b4 Ke7 15. b5 Nbd7 16. Bd2 g5 17. hxg5 hxg5 18. Rxh8 Rxh8 19. Nh3 g4 20. Ng5 Bb8 21.
bxc6 bxc6 22. Ra6 Rc8 23. b4 Be8 24. Kd1 Nf8 25. f3 exf3 26. exf3 g3 27. Ne2 Ng6 28. Bh3 Bd7 29. Bxd7 Kxd7 30. Ke1 Re8 31. Kf1 g2+ 32. Kf2 Rxe2+ 33. Kxe2 g1=Q 34. Nf7 Qxd4 0-1

[Event "*** MasterClass Titled Tuesday Blitz"]
[Site "Chess.com"]
[Date "2017.10.03"]
[Round "5"]
[White "Aygehovit1992"]
[Black "dzhumagaliev"]
[Result "0-1"]
[WhiteElo "2442"]
[BlackElo "2597"]
[TimeControl "180+2"]
[EndTime "14:06:13 PDT"]
[Termination "dzhumagaliev won by resignation"]

1. d4 Nf6 2. Nf3 e6 3. Bg5 c5 4. e3 Qb6 5. Qc1 Ne4 6. Bf4 Nc6 7. Bd3 d5 8. c3 f5 9. O-O Be7 10. Ne5 O-O 11. Nxc6 bxc6 12. f3 Nf6 13. Nd2 Ba6 14. Bxa6 Qxa6 15. Nb3 Nd7 16. Qc2 Qa4 17. Rf2 g5 18.
Be5 c4 19. Nc1 Qxc2 20. Rxc2 Nxe5 21. dxe5 Bc5 22. Kf2 f4 23. Ke2 Bxe3 24. g4 Kg7 25. b3 Rab8 26. b4 h5 27. gxh5 Rh8 28. Kd1 Rxh5 29. Rg2 Kg6 30. a4 Kf5 31. Ne2 Kxe5 32. Kc2 Rbh8 33. Rh1 a6 34. h3 Rxh3 35. Rxg5+ Kf6 36.
Rxh3 Rxh3 37. Rg8 Rxf3 38. Ra8 Rf2 39. Kd1 f3 40. Ng3 Rd2+ 41. Ke1 f2+ 42. Kf1 Rd1+ 43. Kg2 Ke5 44. Rf8 Rg1+ 45. Kh3 Bf4 0-1

[Event "*** MasterClass Titled Tuesday Blitz"]
[Site "Chess.com"]
[Date "2017.10.03"]
[Round "5"]
[White "VladDobrov"]
[Black "Incognito_Knight"]
[Result "0-1"]
[WhiteElo "2619"]
[BlackElo "2471"]
[TimeControl "180+2"]
[EndTime "14:06:15 PDT"]
[Termination "Incognito_Knight won on time"]

1. d4 Nf6 2. c4 e6 3. Nf3 c5 4. d5 b5 5. Bg5 exd5 6. cxd5 h6 7. Bxf6 Qxf6 8. e4 Qxb2 9. Nbd2 c4 10. Rb1 Qxa2 11.
Rxb5 c3 12. Nc4 a5 13. d6 Nc6 14. Bd3 Ba6 15. Rc5 c2 16. Bxc2 Bxc4 17. e5 Rb8 18.
e6 Bxe6 19. O-O Qa3 20. Rh5 Qxd6 21. Qa1 Qa3 22. Qd1 Be7 23. Re1 Bf6 24. g4 g6 25.
Rh3 O-O 26. g5 Bxh3 27. gxf6 Rfe8 28. Qd2 Qxf3 0-1

[Event "*** MasterClass Titled Tuesday Blitz"]
[Site "Chess.com"]
[Date "2017.10.03"]
[Round "5"]
[White "Keranke"]
[Black "joppie2"]
[Result "0-1"]
[WhiteElo "2705"]
[BlackElo "2589"]
[TimeControl "180+2"]
[EndTime "14:06:18 PDT"]
[Termination "joppie2 won by resignation"]

1. d4 Nf6 2. c4 g6 3. g3 Bg7 4. Bg2 O-O 5. Nc3 d6 6. Nf3 Nc6 7. O-O Bf5 8. d5 Na5 9. Nd2 c5 10. e4 Bg4 11. Qc2 a6 12. h3 Bd7 13. b3 b5 14. Bb2 e5 15. dxe6 Bxe6 16. cxb5 axb5 17. Nxb5 Qd7 18. Nxd6 Bxh3 19. N2c4 Nxc4 20. Nxc4 Bxg2 21. Kxg2 Qc6 22. f3 Rfe8 23. a4 Rab8 24. Rad1 Qc7 25. Rd6 Nh5 26. Bxg7 Nxg7 27. Rfd1 Qe7 28. Rd7 Qg5 29.
Qd2 Qf6 30. e5 Qf5 31. Qd3 Qg5 32. f4 Qg4 33. Ne3 Qe6 34. Nd5 Nh5 35. Nc7 Qg4 36.
Qf3 Qxf3+ 37. Kxf3 Rxb3+ 38. R7d3 Reb8 39. g4 c4 40. Rxb3 Rxb3+ 41. Ke4 Ng3+ 42. Kd5 Rd3+ 43. Rxd3 cxd3 44.
Nb5 Ne2 0-1

[Event "*** MasterClass Titled Tuesday Blitz"]
[Site "Chess.com"]
[Date "2017.10.03"]
[Round "5"]
[White "Alexander_Donchenko"]
[Black "ZapataCharlesS"]
[Result "0-1"]
[WhiteElo "2571"]
[BlackElo "2570"]
[TimeControl "180+2"]
[EndTime "14:06:20 PDT"]
[Termination "ZapataCharlesS won by resignation"]

1. d4 e6 2. c4 d5 3. Nf3 Nf6 4. g3 Bb4+ 5. Nbd2 O-O 6. Bg2 c6 7. O-O b6 8. Qc2 Ba6 9. b3 Nbd7 10. Bb2 Rc8 11. e4 c5 12. exd5 exd5 13. a3 Bxd2 14. Nxd2 cxd4 15. Bxd4 dxc4 16. bxc4 Nc5 17. Bc3 Qd3 18.
Qxd3 Nxd3 19. Rfd1 Rfd8 20. a4 Bxc4 21. Nxc4 Rxc4 22.
Ra3 Ng4 23. Bf1 Ngxf2 24. Rd2 Ne4 25. Bxd3 Nxd2 26. Bxc4 Nxc4 27. Rb3 Rd3 28. Kf2 f6 29. Ke2 Re3+ 30. Kf2 Kf7 31. a5 b5 32. Rxb5 Rxc3 33. Rb7+ Kg6 34. Rxa7 Rc2+ 35. Kg1 Ra2 36. a6 Ne5 37.
Ra8 Nf3+ 38. Kf1 Nxh2+ 39. Ke1 Nf3+ 40. Kf1 h5 0-1

[Event "*** MasterClass Titled Tuesday Blitz"]
[Site "Chess.com"]
[Date "2017.10.03"]
[Round "5"]
[White "yosephtaher"]
[Black "jefferyx"]
[Result "0-1"]
[WhiteElo "2570"]
[BlackElo "2753"]
[TimeControl "180+2"]
[EndTime "14:06:28 PDT"]
[Termination "jefferyx won by resignation"]

1. e4 c5 2. Nf3 d6 3. d4 Nf6 4. Nc3 cxd4 5. Nxd4 a6 6. Be2 e5 7. Nb3 Be7 8. O-O O-O 9. Re1 Be6 10. Bf3 Nbd7 11. a4 Qb8 12. a5 Rc8 13. Nd2 b5 14. axb6 Nxb6 15. Nf1 a5 16. Ne3 a4 17. Qe2 a3 18. Ncd5 Bxd5 19. exd5 axb2 20. Bxb2 Na4 21. Nf5 Bf8 22. Ba3 e4 23. Bg4 Nc3 24. Qe3 Nxg4 25. Qg5 Ne2+ 26. Rxe2 Rxa3 27. Rae1 Ne5 28. Rxe4 Ng6 29.
h4 h6 30. Qg4 Kh7 31. h5 Ne5 32. Qh4 Rxc2 33. Ne3 Rcc3 34. Rf4 Qc8 35. Nf5 Rc1 36. Rxc1 Qxc1+ 37. Kh2 g5 38. hxg6+ Nxg6 39. Rc4 Nxh4 0-1

[Event "*** MasterClass Titled Tuesday Blitz"]
[Site "Chess.com"]
[Date "2017.10.03"]
[Round "5"]
[White "AdrianaNikolova"]
[Black "maciek_92"]
[Result "0-1"]
[WhiteElo "2402"]
[BlackElo "2529"]
[TimeControl "180+2"]
[EndTime "14:06:31 PDT"]
[Termination "maciek_92 won by resignation"]

1. e4 c5 2. Nf3 e6 3. c3 Nf6 4. e5 Nd5 5. d4 cxd4 6. cxd4 Nc6 7. Bc4 d6 8. O-O Be7 9. Qe2 O-O 10. Nc3 Nxc3 11. bxc3 dxe5 12. dxe5 b6 13. Rd1 Qc7 14.
Bd3 Bb7 15. Qe4 g6 16. Bh6 Rfd8 17. Qf4 Rd5 18. Be4 Rxd1+ 19. Rxd1 Rd8 20. Re1 Bc8 21. Ng5 f5 22. Bf3 Na5 23. Rc1 Nc4 24. Re1 Nb2 25. Be2 Rd5 26. Nf3 Nd3 27. Bxd3 Rxd3 28. Rc1 Rxc3 29.
Rxc3 Qxc3 30. h4 Bb7 31. Bg5 Bc5 32. Bf6 Bxf3 33. Qh6 Bf8 34. Qf4 Bd5 35. h5 Qe1+ 36. Kh2 Qe4 37. Qg3 f4 38. Qg4 f3 39. Qg3 fxg2 40. hxg6 Qxg6 41. Qxg6+ hxg6 42. Kg1 0-1

[Event "*** MasterClass Titled Tuesday Blitz"]
[Site "Chess.com"]
[Date "2017.10.03"]
[Round "5"]
[White "TrickyTrapChess"]
[Black "Sven_Tica"]
[Result "0-1"]
[WhiteElo "2303"]
[BlackElo "2443"]
[TimeControl "180+2"]
[EndTime "14:06:34 PDT"]
[Termination "Sven_Tica won by resignation"]

1. d4 Nf6 2. c4 e6 3. Nc3 Bb4 4. e3 O-O 5. Bd3 c5 6. Ne2 d5 7.
cxd5 exd5 8. O-O c4 9. Bc2 Nc6 10. a3 Bd6 11. f3 Bc7 12. e4 dxe4 13. Nxe4 Nd5 14. N4c3 Nce7 15. Ng3 Be6 16. Bg5 h6 17.
Nxd5 Bxd5 18. Bxe7 Qxe7 19. Qd2 Rad8 20. Rae1 Qf6 21.
Ne4 Qh4 22. g3 Qh3 23. Nc3 Bb6 24. Na4 Bc7 25. Nc3 h5 26. Nxd5 Rxd5 27. Re4 Bb6 28. Rd1 Qd7 29. Qc3 f5 30. Qxc4 fxe4 31. Bb3 exf3 32.
Qxd5+ Qxd5 33. Bxd5+ Kh7 34. Kf2 g5 35. h3 g4 36.
hxg4 hxg4 37. Rh1+ Kg6 38. Rd1 Rd8 39. Bxb7 Rh8 40.
Bxf3 Rf8 41. Rd3 gxf3 42. Rxf3 Bxd4+ 43. Ke2 Rxf3 44. Kxf3 Bxb2 45. a4 a5 46. Ke4 Kg5 47. Kf3 Bc3 48. g4 Be1 49. Ke2 Bg3 50. Kf3 Bh4 51.
Ke4 Kxg4 52. Kd4 Be1 53. Kc4 Kf4 54. Kb5 Ke4 55. Kc4 Bb4 56. Kb5 Kd3 57. Kb6 Kc3 58. Ka6 Kb3 59. Kb5 Ka3 0-1

[Event "*** MasterClass Titled Tuesday Blitz"]
[Site "Chess.com"]
[Date "2017.10.03"]
[Round "5"]
[White "ArnaudovP"]
[Black "petrpalachev"]
[Result "1-0"]
[WhiteElo "2477"]
[BlackElo "2589"]
[TimeControl "180+2"]
[EndTime "14:06:38 PDT"]
[Termination "ArnaudovP won by resignation"]

1. Nf3 d5 2. c4 e6 3. g3 Nf6 4.
Bg2 dxc4 5. O-O a6 6. Qc2 b5 7.
Ne1 Ra7 8. d3 cxd3 9. Nxd3 Bb7 10.
Bxb7 Rxb7 11. Rd1 Nbd7 12. Ne5 c5 13. Bg5 Be7 14. Nc6 Qb6 15. Nxe7 Kxe7 16. Nc3 h6 17. Bf4 e5 18. Be3 Qc6 19. Rac1 Rc8 20. Qf5 Qe6 21. Qf3 Rbc7 22. Rd2 Nb6 23. b3 Rd7 24. Rcd1 Rxd2 25. Rxd2 Qc6 26. Qf5 Nbd7 27. f3 Qe6 28. Qc2 Nb6 29. Bf2 Qc6 30. e4 Rd8 31. Rxd8 Kxd8 32. Nd1 Nbd7 33. Nb2 Kc7 34. Nd3 c4 35. Nb4 Qd6 36. Qc3 Qe6 37. Kg2 Kb7 38. Qe3 Qc6 39. Qa7+ Kc8 40. bxc4 1-0

[Event "*** MasterClass Titled Tuesday Blitz"]
[Site "Chess.com"]
[Date "2017.10.03"]
[Round "5"]
[White "chessdjw"]
[Black "Laico"]
[Result "1-0"]
[WhiteElo "2259"]
[BlackElo "2130"]
[TimeControl "180+2"]
[EndTime "14:06:46 PDT"]
[Termination "chessdjw won on time"]

1. Nf3 e6 2. g3 b6 3. Bg2 Bb7 4. O-O f5 5. c4 Nf6 6. d3 Be7 7. Nc3 O-O 8. Re1 Bb4 9. Bd2 d6 10. a3 Bxc3 11. Bxc3 Qe8 12. b4 Nbd7 13. a4 e5 14. a5 a6 15. axb6 cxb6 16. e4 fxe4 17. Nd2 Kh8 18. dxe4 Qe6 19. Qe2 Rfc8 20. Qd3 Rc7 21. f3 Rac8 22. Bb2 Nb8 23. Bf1 Nc6 24. Qa3 a5 25. bxa5 Nxa5 26. Rad1 Ba6 27. Qb4 Nd7 28. Ba3 Rc6 29. Be2 Nc5 30. Qb1 Nxc4 31. Nxc4 Bxc4 32.
Bxc4 Qxc4 33. Rd5 Qa4 34. Bb2 b5 35. Red1 Nb7 36. Qd3 b4 37. Bxe5 Rc2 38. Bxg7+ Kxg7 39. Rg5+ Kf6 40. Qd5 R8c5 41. Rf5+ 1-0

[Event "*** MasterClass Titled Tuesday Blitz"]
[Site "Chess.com"]
[Date "2017.10.03"]
[Round "5"]
[White "nutibara"]
[Black "HanSchut"]
[Result "0-1"]
[WhiteElo "2282"]
[BlackElo "2225"]
[TimeControl "180+2"]
[EndTime "14:06:48 PDT"]
[Termination "HanSchut won on time"]

1. e4 c5 2. Nf3 d6 3. d4 cxd4 4. Nxd4 Nf6 5. Nc3 a6 6. Bc4 e6 7. Bb3 b5 8. O-O b4 9. Na4 Bd7 10. f3 Nc6 11. Be3 Rb8 12. c3 Be7 13. Rc1 bxc3 14.
Nxc3 O-O 15. Rf2 Na5 16. Rfc2 e5 17. Nde2 Nxb3 18. axb3 Rxb3 19. Ra1 Qb8 20. Qd2 Qb7 21. Nc1 Rb4 22. N1a2 Rb3 23. Nc1 Rb4 24. Nd3 Rc4 25.
Rac1 Rfc8 26. Nd5 Rxc2 27. Nxe7+ Kf8 28. Rxc2 Rxc2 29. Qxc2 Kxe7 30. Qc3 Bb5 31. Nxe5 dxe5 32. Qxe5+ Kf8 33. Bc5+ Kg8 34. Qd6 h6 35. Qf8+ Kh7 36. Bd4 Qd7 37. Bc3 Qd1+ 38. Kf2 Qe2+ 39. Kg3 Nh5+ 40.
Kh3 Bd7+ 41. Kh4 Qxg2 0-1

[Event "*** MasterClass Titled Tuesday Blitz"]
[Site "Chess.com"]
[Date "2017.10.03"]
[Round "5"]
[White "51616516516"]
[Black "Grootneus"]
[Result "1-0"]
[WhiteElo "2061"]
[BlackElo "2125"]
[TimeControl "180+2"]
[EndTime "14:06:49 PDT"]
[Termination "51616516516 won by checkmate"]

1. d4 Nf6 2. c4 c5 3. d5 b5 4. cxb5 a6 5. bxa6 g6 6. Nc3 Bxa6 7. e4 Qa5 8. Bd2 d6 9. g3 Bg7 10. Nf3 O-O 11. Qc2 Nbd7 12. Nb5 Qb6 13. a4 c4 14. Nbd4 Rfb8 15. Bc3 Nc5 16. a5 Qc7 17. Be2 Nfxe4 18. O-O Nxc3 19. bxc3 Nb3 20. Ra2 Nxd4 21. Nxd4 Bxd4 22. cxd4 Rb5 23. Qxc4 Qxc4 24. Bxc4 Rb4 25.
Bxa6 Rxa6 26. Re1 Kf8 27. Rc1 Rb5 28. Rc8+ Kg7 29. Rc7 Kf6 30. Re2 e6 31. dxe6 fxe6 32. Rxh7 Raxa5 33. Kg2 Rb4 34. Re4 Raa4 35. Rf4+ Kg5 36.
h4# 1-0

[Event "*** MasterClass Titled Tuesday Blitz"]
[Site "Chess.com"]
[Date "2017.10.03"]
[Round "5"]
[White "Dhaydon19"]
[Black "dtn70"]
[Result "0-1"]
[WhiteElo "2454"]
[BlackElo "2307"]
[TimeControl "180+2"]
[EndTime "14:06:51 PDT"]
[Termination "dtn70 won on time"]

1. e4 e5 2. Nf3 Nc6 3. Bb5 a6 4. Ba4 Nf6 5. O-O Be7 6. Re1 b5 7. Bb3 O-O 8. c3 d5 9. exd5 Nxd5 10. Nxe5 Nxe5 11. Rxe5 c6 12. d4 Bd6 13. Re1 Qh4 14. g3 Qh3 15. Qf3 Bg4 16. Qg2 Qh5 17. Nd2 Rae8 18. Re4 f5 19. Rxe8 Rxe8 20. Bxd5+ cxd5 21. Qxd5+ Kh8 22. Qxd6 Re1+ 23. Nf1 Qe8 24. Qe5 Rxe5 25.
dxe5 Qxe5 26. Bf4 Qe4 27. Ne3 h5 28. h4 Bf3 29. Rc1 Kh7 30. Rc2 Qd3 31. Rc1 Bb7 32.
Rd1 Qe4 33. Kh2 Qf3 34. Rf1 Qe2 35. Kg1 Qxb2 36. Nxf5 Qxc3 37. Nd6 Ba8 38. f3 Bxf3 39. Rc1 Qd4+ 40. Kf1 Qd3+ 41. Kg1 Qe2 42. Rc2 Qxc2 0-1

[Event "*** MasterClass Titled Tuesday Blitz"]
[Site "Chess.com"]
[Date "2017.10.03"]
[Round "5"]
[White "Rodalquilar"]
[Black "ChessWarrior7197"]
[Result "1-0"]
[WhiteElo "2512"]
[BlackElo "2646"]
[TimeControl "180+2"]
[EndTime "14:06:52 PDT"]
[Termination "Rodalquilar won by resignation"]

1. e4 e5 2. Nf3 Nc6 3. Bb5 a6 4. Ba4 Nge7 5. Nc3 g6 6. d4 exd4 7. Nd5 Bg7 8. Bg5 b5 9. Bb3 O-O 10. O-O d6 11. Nxd4 Nxd4 12. Nxe7+ Kh8 13. Nxg6+ fxg6 14. Bxd8 Rxd8 15. c3 Nxb3 16. axb3 Be6 17. f4 Rf8 18. f5 gxf5 19. exf5 Bg8 20. f6 Bxf6 21. Rxf6 Rxf6 22. Qd4 Rf8 23. Rf1 Kg7 24. Rf3 c5 25. Qg4+ Kh8 26. Rxf6 Rxf6 27. Qc8 Kg7 28. Qxa6 Bxb3 29. Qxb5 Bf7 30. b4 cxb4 31. cxb4 d5 32.
Qc5 d4 33. Qxd4 Kg6 34. b5 Rf5 35. b6 Bd5 36. g4 Rf6 37. Qxd5 Rxb6 38. Qf5+ Kg7 39.
h4 Rf6 40. Qe5 Kf7 41. Kg2 Re6 42. Qd5 Ke7 43. Kg3 Re3+ 44. Kf4 Re6 45. Qh5 h6 46. Qc5+ Kf7 47. Qc7+ Re7 48. Qd6 Re6 49. Qd5 Ke7 50.
g5 hxg5+ 51. hxg5 Re1 52. Qc5+ Kf7 53. Qc4+ Ke8 54. g6 Rg1 55. Qb5+ Ke7 56. Qc5+ Kf6 57. Qxg1 Kg7 58. Kg5 1-0

[Event "*** MasterClass Titled Tuesday Blitz"]
[Site "Chess.com"]
[Date "2017.10.03"]
[Round "5"]
[White "MartinMatthiesen"]
[Black "pandamaster3000"]
[Result "0-1"]
[WhiteElo "2308"]
[BlackElo "2182"]
[TimeControl "180+2"]
[EndTime "14:06:54 PDT"]
[Termination "pandamaster3000 won by checkmate"]

1. d4 Nf6 2. c4 g6 3. Nc3 Bg7 4. e4 d6 5. Be2 O-O 6. Nf3 Na6 7.
O-O e5 8. d5 Nc5 9. Qc2 a5 10.
Bg5 h6 11. Bh4 Qe8 12. Nd2 Nh7 13. b3 f5 14. f3 Bf6 15. Bf2 Qe7 16. a3 Bh4 17. Bxh4 Qxh4 18. b4 Na6 19. Rab1 Qe7 20. Kh1 f4 21. c5 g5 22. c6 b6 23. bxa5 bxa5 24. Na4 h5 25. Rb5 g4 26. Rxa5 g3 27. Rb1 h4 28. h3 Ng5 29. Bf1 Rf7 30. Rb7 Rg7 31. Rxa6 Rxa6 32. Bxa6 Nxh3 33. Rb8 Nf2+ 34. Kg1 h3 35. Rxc8+ Kh7 36. gxh3 Qh4 37. Bf1 g2 38.
Bxg2 Qg3 39. Kf1 Qxg2+ 40. Ke1 Nxh3 41. Nc3 Qf2+ 42. Kd1 Rg1+ 43. Nf1 Rxf1# 0-1